 Dungeon Crawl Stone Soup version 0.19-a0-1682-g5114f93 (webtiles) character file.

53 st0uf the Skirmisher (level 3, 0/30 HPs)
             Began as a Demonspawn Fighter on Sept 24, 2016.
             Slain by a goblin
             ... wielding a +0 dagger
             ... led by Robin
              (2 damage)
             ... on level 2 of the Dungeon.
             The game lasted 00:03:14 (983 turns).

st0uf the Skirmisher (Demonspawn Fighter)            Turns: 983, Time: 00:03:15

Health: 0/30       AC:  6    Str: 17    XL:     3   Next: 64%
Magic:  3/3        EV: 10    Int:  9    God:
Gold:   73         SH:  0    Dex: 12    Spells: 0 memorised, 2 levels left

rFire  . . .     SeeInvis .     a - +0 war axe
rCold  . . .     Gourm    .     l - +0 ring mail (curse)
rNeg   . . .     Faith    .     (no shield)
rPois  .         Spirit   .     (helmet restricted)
rElec  .         Dismiss  .     (no cloak)
rCorr  .         Reflect  .     (no gloves)
MR     .....     Harm     .     (no boots)
Stlth  ++........               (no amulet)
                                (no ring)
                                (no ring)

@: no status effects
A: antennae 1, nightstalker 1
a: no special abilities


You were on level 2 of the Dungeon.
You were not hungry.

You visited 1 branch of the dungeon, and saw 2 of its levels.

You collected 73 gold pieces.

Inventory:

Hand Weapons
 a - a +0 war axe (weapon)
Armour
 b - a +0 scale mail
 l - a cursed +0 ring mail (worn)
Scrolls
 h - a scroll of remove curse {unknown}
 k - a scroll of teleportation {unknown}
Potions
 c - a potion of berserk rage {unknown}
 d - a potion of might
 e - a potion of curing {unknown}
 g - a potion of heal wounds {unknown}
 m - a potion of cancellation {unknown}
Comestibles
 f - 2 bread rations
 i - a meat ration
 j - 2 chunks of flesh


   Skills:
 * Level 3.7 Fighting
 * Level 2.4 Axes
 + Level 3.1 Armour
 + Level 0.8 Dodging
   Level 2.6 Shields


You had 2 spell levels left.
You didn't know any spells.

Dungeon Overview and Level Annotations

Branches:
Dungeon (2/15)

Altars:

Annotations:
D:2 Robin


Innate Abilities, Weirdness & Mutations

You have a pair of small antennae on your head.
You are slightly more attuned to the shadows.


Message History

You hit the hobgoblin but do no damage. You miss the goblin.
You closely miss the goblin. You slash the goblin!
You kill the goblin!
The hobgoblin completely misses you. The goblin hits you with a dagger.
The goblin hits you with a club.
* * * LOW HITPOINT WARNING * * *
The hobgoblin hits you.
* * * LOW HITPOINT WARNING * * *
The hobgoblin hits you with a club.
* * * LOW HITPOINT WARNING * * *
You hit the hobgoblin but do no damage. You closely miss the goblin. x2
You hit the hobgoblin.
The goblin no longer looks unusually strong. x2
Robin roars a battlecry!
The goblin goes into a battle-frenzy!
The goblin closely misses you. The goblin hits you with a club.
* * * LOW HITPOINT WARNING * * *
The hobgoblin hits you but does no damage.
The hobgoblin misses you. The goblin hits you with a dagger.
You die...

...... ### .(.... ..#
...... # #.#.# .....
#.##.#.#{g..
#....#?##g#?#.# #.
#...g@g....#
###.##.#.##g.#..#
#........#......#
#.#.............#
#......##.....#.###
#...P.............
#..P...##.......#
###.###)รท...###......#
###
......)...#.#####..###
#..


You could see Robin, 2 hobgoblins and 2 goblins.

Vanquished Creatures
  An adder (D:2)
  3 leopard geckos
  A giant cockroach (D:2)
  7 hobgoblins
  5 kobolds
  4 bats
  3 frilled lizards
  9 goblins
  5 rats
38 creatures vanquished.

Notes
Turn   | Place    | Note
-------+----------+-------------------------------------------
     0 | D:1      | st0uf the Demonspawn Fighter began the quest for the Orb.
     0 | D:1      | Reached XP level 1. HP: 18/18 MP: 1/1
   269 | D:1      | Gained mutation: You are slightly more attuned to the shadows. [demonic ancestry]
   269 | D:1      | Reached XP level 2. HP: 18/24 MP: 2/2
   684 | D:2      | Gained mutation: You have a pair of small antennae on your head. [demonic ancestry]
   684 | D:2      | Reached XP level 3. HP: 25/29 MP: 3/3
   973 | D:2      | Noticed Robin
   983 | D:2      | Slain by a goblin

Vault maps used:
D:1:      dpeg_arrival_another_circle
D:2:      marbit_many_paths, serial_park_tiny_1, uniq_robin

Skill      XL: |  1  2  3 |
---------------+----------+-----
Axes           | 2 |  2.4
Armour         | 3 |  3.1
Fighting       | |  3.7
Dodging        | |  0.8
Shields        | |  2.6

Action                   || total
-------------------------++-------
Melee: War axe           ||    93
Armor: Scale mail        ||    41
       Ring mail         ||    30
Dodge: Dodged            ||    66
